[Event "Titled Tuesday Blitz May 9 Early 2023"]
[White "Molina, Roberto Junio Brito"]
[Black "Yaniuk, Volodymyr"]
[WhiteFideId "2109450"]
[BlackFideId "14133083"]
[WhiteElo "2376"]
[BlackElo "2141"]
[Result "1/2-1/2"]
[Round "08"]
[TimeControl "180+2"]
[Date "2023.05.09"]
[WhiteClock "0:01:18"]
[BlackClock "0:00:58"]

1. d4 d5 2. c4 e6 3. Nc3 Nf6 4. Bg5 Bb4 5. e3 O-O 6. a3 Be7 7. Nf3 b6 8. Bxf6 Bxf6 9. cxd5 exd5 10. Bd3 h6 11. O-O Bb7 12. Rc1 Nd7 13. Qe2 a6 14. Rfd1 Re8 15. Qc2 Be7 16. Qb3 Nf6 17. Bf1 Bd6 18. g3 g6 19. Bg2 Kg7 20. Rd2 Ne4 21. Nxe4 dxe4 22. Ne1 Qf6 23. Qd1 Qe6 24. Nc2 a5 25. Bf1 c5 26. dxc5 Bxc5 27. Nd4 Qf6 28. Nb3 Bf8 29. Rc7 Re7 30. Rxe7 Bxe7 31. Nd4 Rd8 32. Nb5 Rxd2 33. Qxd2 Bc6 34. Nc3 Bd6 35. Bg2 Be5 36. Nxe4 Bxe4 37. Bxe4 Bxb2 38. a4 Ba3 39. Qd4 Bc5 40. Qxf6+ Kxf6 41. Kf1 Ke5 42. Bd3 f5 43. Bc4 g5 44. Ke2 f4 45. exf4+ gxf4 46. Kf3 fxg3 47. hxg3 Kf6 48. Ke2 Ke5 49. f4+ Kf6 50. Kf3 Bd6 51. g4 Bc7 52. Ke4 Bd6 53. Bb5 Bc7 54. Be8 Bd6 55. Bd7 Bc7 56. Bb5 Bd6 57. Be2 Bc7 58. f5 Bd6 59. Kd5 Bc5 60. Kc6 h5 61. gxh5 Kxf5 62. Bd3+ Kg5 63. Be2 Kh6 64. Kd5 Bg1 65. Ke4 Bc5 66. Kf5 Bg1 67. Kg4 Bc5 68. Bd3 Bb4 69. Bc2 Bc5 70. Bd1 Bb4 71. Kf5 Bc5 72. Ke4 Bb4 73. Kd5 Bc5 74. Kc6 Bg1 75. Kb5 Bc5 76. Kc4 Bg1 77. Kd3 Bc5 78. Ke2 Bb4 79. Ke3 Bc5+ 80. Ke4 Bb4 81. Kd5 Bc5 82. Kc4 Bg1 83. Kb5 Bc5 84. Ka6 Bg1 85. Kb7 Bc5 86. Kc6 Bg1 87. Kd5 Bc5 1/2-1/2


[Site "https://www.chess.com"]

[Event "Titled Tuesday Blitz May 9 Early 2023"]
[White "Morefield, Jason"]
[Black "Danielyan, Vahe"]
[WhiteFideId "30920825"]
[BlackFideId "13304828"]
[WhiteElo "2171"]
[BlackElo "2423"]
[Result "1-0"]
[Round "08"]
[TimeControl "180+2"]
[Date "2023.05.09"]
[WhiteClock "0:00:02"]
[BlackClock "0:00:00"]

1. Nf3 d5 2. c4 d4 3. g3 g6 4. Bg2 Bg7 5. O-O e5 6. d3 Ne7 7. b4 O-O 8. Nbd2 a5 9. b5 Nd7 10. a4 b6 11. Nxe5 Rb8 12. Nxd7 Bxd7 13. Ba3 Re8 14. c5 Be6 15. cxb6 cxb6 16. Bxe7 Rxe7 17. Rc1 Qd6 18. Rc6 Qb4 19. h3 h5 20. Nc4 h4 21. gxh4 Bxc4 22. Rxc4 Qd6 23. Qc2 Qf4 24. Rc8+ Re8 25. Rxb8 Rxb8 26. Qc6 Be5 27. Rc1 Kg7 28. Rc2 Qxh4 29. Qe4 Qe7 30. Rc6 Re8 31. Rxb6 Qd8 32. Qb7 Qg5 33. Rc6 Re7 34. Qb6 Qf4 35. Qc5 Qh2+ 36. Kf1 Re8 37. b6 Rh8 38. b7 Rxh3 39. Rc8 Rh4 40. Qf8+ Kf6 41. b8=Q 1-0


[Site "https://www.chess.com"]

[Event "Titled Tuesday Blitz May 9 Early 2023"]
[White "Ismagilov, Damir"]
[Black "Hasangatin, Ramil"]
[WhiteFideId "34199982"]
[BlackFideId "4122160"]
[WhiteElo "2143"]
[BlackElo "2279"]
[Result "0-1"]
[Round "08"]
[TimeControl "180+2"]
[Date "2023.05.09"]
[WhiteClock "0:00:00"]
[BlackClock "0:00:19"]

1. d4 d6 2. Nf3 Bg4 3. g3 Bxf3 4. exf3 c6 5. Bg2 g6 6. f4 Bg7 7. O-O e6 8. c4 d5 9. Nc3 Ne7 10. c5 b6 11. Be3 bxc5 12. Na4 cxd4 13. Bxd4 O-O 14. Bxg7 Kxg7 15. Qd4+ Kg8 16. Nc5 Nd7 17. Rfc1 Rb8 18. b4 Nf5 19. Qd2 Nxc5 20. Rxc5 Rb6 21. Rac1 Qd6 22. a3 Ra8 23. Bf1 Ne7 24. Qd4 Rd8 25. Bd3 Nf5 26. Bxf5 exf5 27. Re1 Rb5 28. Rc3 a5 29. Rce3 Rf8 30. bxa5 Rxa5 31. Qc3 Raa8 32. Rc1 Rac8 33. Qc5 Qxc5 34. Rxc5 Rfd8 35. Rec3 Rd6 36. Kf1 Kf8 37. Ke2 Ke7 38. Kd3 Kd7 39. Rb3 Rc7 40. Kd4 Re6 41. Re3 Re4+ 42. Rxe4 fxe4 43. Ke5 Ra7 44. Rc3 Ra4 45. Kf6 Kd6 46. Kxf7 d4 47. Rb3 d3 48. Kg7 d2 49. Rb1 c5 50. Kxh7 c4 51. Kxg6 c3 52. Rd1 Rd4 53. f5 c2 0-1


[Site "https://www.chess.com"]

[Event "Titled Tuesday Blitz May 9 Early 2023"]
[White "Cherniaiev, Tykhon"]
[Black "Skliarov, Viktor"]
[WhiteFideId "14182360"]
[BlackFideId "14106736"]
[WhiteElo "2450"]
[BlackElo "2317"]
[Result "1/2-1/2"]
[Round "08"]
[TimeControl "180+2"]
[Date "2023.05.09"]
[WhiteClock "0:00:02"]
[BlackClock "0:00:05"]

1. Nf3 g6 2. d4 Bg7 3. c4 Nf6 4. Nc3 O-O 5. e4 d6 6. Be2 Bg4 7. O-O Nc6 8. Be3 Bxf3 9. Bxf3 e5 10. d5 Nd4 11. Bxd4 exd4 12. Qxd4 Nd7 13. Qd2 Qf6 14. Be2 Nc5 15. Rac1 Rfe8 16. Bf3 a5 17. Rfe1 Re7 18. e5 Rxe5 19. Rxe5 Qxe5 20. Re1 Qd4 21. Qxd4 Bxd4 22. Nb5 Bxb2 23. Nxc7 Rc8 24. Nb5 Be5 25. Be2 f5 26. g3 f4 27. Bg4 Rf8 28. Kg2 h5 29. Bf3 Kh7 30. Re2 Kh6 31. Nc7 Rc8 32. Ne6 g5 33. h4 g4 34. Nxc5 Rxc5 35. gxf4 gxf3+ 36. Kxf3 Bg7 37. Re6+ Kh7 38. Rxd6 Rxc4 39. Rd7 b5 40. f5 Kg8 41. d6 Rxh4 42. Rb7 Rd4 43. Rxb5 Rxd6 44. Rxa5 Rd4 45. f6 Bxf6 46. Rxh5 Kf7 1/2-1/2


[Site "https://www.chess.com"]

[Event "Titled Tuesday Blitz May 9 Early 2023"]
[White "Starozhilov, Leonid"]
[Black "Janaszak, Dawid"]
[WhiteFideId "14106752"]
[BlackFideId "1119206"]
[WhiteElo "2352"]
[BlackElo "2220"]
[Result "0-1"]
[Round "08"]
[TimeControl "180+2"]
[Date "2023.05.09"]
[WhiteClock "0:00:03"]
[BlackClock "0:00:10"]

1. e4 c5 2. Nf3 Nc6 3. Bb5 e5 4. Nc3 d6 5. O-O Ne7 6. Nd5 a6 7. Nxe7 Bxe7 8. Bc4 Bg4 9. h3 Bh5 10. c3 O-O 11. d3 Kh8 12. g4 Bg6 13. a4 Qd7 14. Kg2 h5 15. Nh2 Nd8 16. Qf3 Ne6 17. Be3 h4 18. Qe2 Nc7 19. f4 exf4 20. Bxf4 d5 21. exd5 Nxd5 22. Bd2 Rfe8 23. Qf3 Nb6 24. Bxf7 Rf8 25. Bxg6 Rxf3 26. Rxf3 Nc4 27. dxc4 Qxd2+ 28. Rf2 Qd6 29. Bf5 Qg3+ 30. Kf1 Qxh3+ 31. Kg1 Qg3+ 32. Kf1 h3 33. Rd1 Bh4 34. Rdd2 Re8 35. Nf3 h2 36. Nxh2 Qe3 37. Rfe2 Qf4+ 38. Kg2 Qg3+ 39. Kf1 Rf8 40. Rf2 g6 41. Nf3 Qh3+ 42. Kg1 Bxf2+ 43. Rxf2 Qg3+ 44. Kf1 gxf5 45. g5 Re8 46. g6 Kg8 47. Ng1 Qe3 48. Ne2 Qd2 49. Nf4 Qc1+ 50. Kg2 Qe3 51. Rf3 Qe4 52. Kg3 Qe5 53. Kg2 Rd8 54. Rf2 Qe4+ 55. Kg3 Rd1 56. Re2 Rg1+ 57. Kf2 Qxf4+ 58. Kxg1 Qg4+ 59. Rg2 Qd1+ 60. Kf2 Qxa4 61. Kf3 Qxc4 62. Re2 Kg7 63. Re7+ Kxg6 64. Kf2 b5 65. Ra7 b4 66. Kg1 bxc3 67. bxc3 Kg5 68. Kf2 Kf4 69. Ke1 Qxc3+ 70. Ke2 Qc2+ 71. Ke1 c4 72. Rxa6 c3 73. Rd6 Qb1+ 74. Rd1 c2 75. Kf2 cxd1=Q 76. Kg2 Qh1+ 77. Kf2 Qbe1# 0-1


[Site "https://www.chess.com"]

[Event "Titled Tuesday Blitz May 9 Early 2023"]
[White "Goltsev, Dmitry"]
[Black "Brunner, Nicolas"]
[WhiteFideId "24176710"]
[BlackFideId "620246"]
[WhiteElo "2356"]
[BlackElo "2327"]
[Result "1-0"]
[Round "08"]
[TimeControl "180+2"]
[Date "2023.05.09"]
[WhiteClock "0:00:38"]
[BlackClock "0:00:01"]

1. e4 e5 2. Nf3 Nf6 3. Nxe5 d6 4. Nf3 Nxe4 5. d3 Nf6 6. d4 d5 7. c4 Bb4+ 8. Nc3 O-O 9. Be2 dxc4 10. Bxc4 Bg4 11. O-O Nbd7 12. Bg5 h6 13. Bh4 c6 14. Qd3 Re8 15. h3 Be6 16. Rfe1 Bxc4 17. Qxc4 Bxc3 18. bxc3 Qc7 19. Bg3 Qa5 20. Qb3 b6 21. Nd2 Qd5 22. Nc4 Ne4 23. Bf4 b5 24. Na5 Qxb3 25. axb3 Nxc3 26. Nxc6 Ne2+ 27. Rxe2 Rxe2 28. d5 a6 29. b4 Re4 30. Be3 Rc4 31. Kh2 Nf6 32. Rd1 Nxd5 33. Bc5 Nf6 34. f3 Rc2 35. Ra1 Nd5 36. Kg3 Kh7 37. Rd1 Nf6 38. Ra1 a5 39. Nxa5 Nd5 40. Ra3 g5 41. Kg4 Rxg2+ 42. Kf5 Rg3 43. Rd3 Nf4 44. Rd7 Kg8 45. Nc6 Rxf3 46. Ne5 Ne6+ 47. Nxf3 Nxc5 48. bxc5 Ra3 49. Ne5 Rxh3 50. c6 Rc3 51. c7 b4 1-0


[Site "https://www.chess.com"]

[Event "Titled Tuesday Blitz May 9 Early 2023"]
[White "Hua, Lefong"]
[Black "Garv Gaur"]
[WhiteFideId "2602253"]
[BlackFideId "45030839"]
[WhiteElo "2706"]
[BlackElo "2068"]
[Result "1-0"]
[Round "08"]
[TimeControl "180+2"]
[Date "2023.05.09"]
[WhiteClock "0:00:22"]
[BlackClock "0:00:00"]

1. d4 Nf6 2. c4 e6 3. Nc3 d5 4. cxd5 exd5 5. Bg5 c6 6. e3 h6 7. Bh4 Be7 8. Bd3 O-O 9. Qc2 Nbd7 10. Nge2 a5 11. O-O Re8 12. f3 b5 13. a3 Ba6 14. Bf2 Qb6 15. h3 b4 16. axb4 axb4 17. Na4 Qb7 18. b3 Bxd3 19. Qxd3 c5 20. Nxc5 Nxc5 21. dxc5 Bxc5 22. Nd4 Qb6 23. g4 Bxd4 24. exd4 Rac8 25. Rac1 Qd6 26. Kg2 Qf4 27. Rc5 Qd6 28. Rfc1 Qe6 29. Re1 Qd7 30. Qd2 Rxe1 31. Qxe1 Rb8 32. Bg3 Rb7 33. Qe5 Qe6 34. Kf2 Nd7 35. Rc8+ Kh7 36. Qd6 Nf6 37. Qxe6 fxe6 38. Be5 Kg6 39. Rc7 Rb6 40. h4 Ne8 41. Re7 1-0


[Site "https://www.chess.com"]

[Event "Titled Tuesday Blitz May 9 Early 2023"]
[White "Mitusov, Semen"]
[Black "Sreyas Payyappat"]
[WhiteFideId "14151049"]
[BlackFideId "46674969"]
[WhiteElo "2389"]
[BlackElo "2043"]
[Result "1-0"]
[Round "08"]
[TimeControl "180+2"]
[Date "2023.05.09"]
[WhiteClock "0:00:21"]
[BlackClock "0:00:04"]

1. e4 c6 2. d4 d5 3. e5 Bf5 4. Nf3 e6 5. Be2 Ne7 6. O-O Ng6 7. a4 Nd7 8. a5 f6 9. exf6 Nxf6 10. a6 b6 11. c4 Bd6 12. Nc3 O-O 13. Re1 Be4 14. Bd3 Bxf3 15. Qxf3 Ne4 16. Qh5 Qf6 17. Be3 Nf4 18. Bxf4 Qxf4 19. Bxe4 dxe4 20. Nxe4 Rf5 21. Qh3 Raf8 22. Qg3 Bb4 23. Qxf4 Rxf4 24. Re2 Rd8 25. Rd1 e5 26. d5 cxd5 27. cxd5 Rf7 28. Re3 Rfd7 29. Red3 h6 30. Kf1 Kf7 31. Ke2 Ke7 32. Nc3 Rc8 33. Rg3 g5 34. d6+ Ke6 35. Rgd3 Rxd6 36. Rxd6+ Bxd6 37. Nb5 Rc2+ 38. Kd3 Rxf2 39. Nxd6 Kxd6 40. Ke3+ 1-0


[Site "https://www.chess.com"]

[Event "Titled Tuesday Blitz May 9 Early 2023"]
[White "Aldokhin, Ivan"]
[Black "HamedWafa4"]
[WhiteFideId "24115720"]
[WhiteElo "2322"]
[BlackElo "2550"]
[Result "0-1"]
[Round "08"]
[TimeControl "180+2"]
[Date "2023.05.09"]
[WhiteClock "0:00:09"]
[BlackClock "0:00:43"]

1. e4 e5 2. Nf3 Nc6 3. Bb5 a6 4. Ba4 Nf6 5. O-O Be7 6. Re1 b5 7. Bb3 O-O 8. d4 Nxd4 9. Nxd4 exd4 10. e5 Ne8 11. c3 c5 12. cxd4 c4 13. Bc2 d5 14. Nc3 Be6 15. Ne2 g6 16. Nf4 Ng7 17. Nxe6 fxe6 18. Qg4 Nf5 19. Be3 a5 20. a4 b4 21. b3 cxb3 22. Bxb3 Rc8 23. Rac1 Qd7 24. Qe2 Rxc1 25. Rxc1 Rc8 26. Rc2 Rxc2 27. Qxc2 Nxe3 28. fxe3 Bg5 29. Kf2 Be7 30. Ke2 Kg7 31. e4 dxe4 32. Qxe4 Qc8 33. Qd3 Bg5 34. Qc4 Qb7 35. Kd1 Qxg2 36. Qe2 Qg1+ 37. Kc2 Qxd4 38. Qd3 Qxe5 39. Qd7+ Kh6 40. Qxe6 Qc3+ 41. Kb1 Qc1+ 42. Ka2 Qd2+ 43. Kb1 Qc1+ 44. Ka2 Qc7 45. Qf7 Qxf7 46. Bxf7 Kh5 47. h3 Kh4 48. Bg8 h6 49. Be6 Bf4 50. Kb3 g5 51. Kc4 h5 52. Kb5 Bc7 53. Kc6 Bd8 54. Kd7 Bf6 55. Kc6 g4 56. hxg4 hxg4 57. Kb5 Bd8 58. Kc4 Kg3 59. Kd3 Kf3 60. Bd5+ Kf2 61. Be4 g3 62. Kc2 g2 63. Bxg2 Kxg2 64. Kb3 Kf3 65. Kc2 Ke3 66. Kb3 Kd3 67. Kb2 Kc4 68. Ka2 b3+ 69. Kb1 Kb4 70. Kb2 Kxa4 71. Kb1 Kb4 72. Kb2 a4 73. Kb1 a3 74. Kc1 a2 75. Kd2 a1=Q 0-1


[Site "https://www.chess.com"]

[Event "Titled Tuesday Blitz May 9 Early 2023"]
[White "Tasev, Dejan"]
[Black "Staudenhocker43"]
[WhiteFideId "936618"]
[WhiteElo "2244"]
[BlackElo "2522"]
[Result "0-1"]
[Round "08"]
[TimeControl "180+2"]
[Date "2023.05.09"]
[WhiteClock "0:01:13"]
[BlackClock "0:01:58"]

1. e4 c6 2. d4 d5 3. Nc3 dxe4 4. Nxe4 Nf6 5. Nxf6+ exf6 6. c3 Bd6 7. Bd3 O-O 8. Qc2 Re8+ 9. Ne2 h5 10. h3 Nd7 11. O-O Nf8 12. Bd2 h4 13. Rae1 Be6 14. f4 b5 15. b3 Bc7 16. c4 bxc4 17. bxc4 Qd6 18. Rb1 Rab8 19. Qa4 Rxb1 20. Rxb1 Bf5 21. Qc2 Rxe2 22. Bxf5 Qxd4+ 23. Kh1 Rxd2 0-1


[Site "https://www.chess.com"]

[Event "Titled Tuesday Blitz May 9 Early 2023"]
[White "Bacrot, Etienne"]
[Black "Weishaeutel, Moritz"]
[WhiteFideId "605506"]
[BlackFideId "12967300"]
[WhiteElo "2672"]
[BlackElo "2301"]
[Result "1-0"]
[Round "08"]
[TimeControl "180+2"]
[Date "2023.05.09"]
[WhiteClock "0:01:37"]
[BlackClock "0:00:04"]

1. e4 e5 2. Nf3 Nf6 3. Nc3 Nc6 4. Bb5 Nd4 5. Nxd4 exd4 6. e5 dxc3 7. exf6 Qxf6 8. dxc3 Bc5 9. Qe2+ Qe7 10. Bf4 c6 11. Bd3 d5 12. b4 Qxe2+ 13. Kxe2 Be7 14. a4 Bf6 15. Kd2 Be6 16. a5 a6 17. h4 Kd7 18. Bg5 Be5 19. f4 h6 20. fxe5 hxg5 21. hxg5 g6 22. Ke3 Rac8 23. Kd4 Bg4 24. Rh6 Rxh6 25. gxh6 Rh8 26. Rh1 Ke6 27. Rh4 Bf5 28. h7 f6 29. exf6 Kxf6 30. Bxf5 gxf5 31. Kc5 Kg5 32. Rh3 Kg6 33. Kb6 Rxh7 34. Rxh7 Kxh7 35. Kxb7 Kg6 36. Kxa6 Kg5 37. Kb6 Kg4 38. a6 d4 39. cxd4 f4 40. a7 f3 41. gxf3+ 1-0


[Site "https://www.chess.com"]

[Event "Titled Tuesday Blitz May 9 Early 2023"]
[White "Jaskolka, Tomasz"]
[Black "Sahib Singh"]
[WhiteFideId "1170791"]
[BlackFideId "25618342"]
[WhiteElo "2155"]
[BlackElo "1934"]
[Result "0-1"]
[Round "08"]
[TimeControl "180+2"]
[Date "2023.05.09"]
[WhiteClock "0:00:09"]
[BlackClock "0:01:06"]

1. d4 d5 2. Nc3 e6 3. Bf4 Nf6 4. e3 Bd6 5. Nf3 Bxf4 6. exf4 c5 7. dxc5 Qc7 8. Qd4 a6 9. Ne5 O-O 10. Bd3 Nfd7 11. Na4 Nxe5 12. fxe5 Nc6 13. Qh4 Qxe5+ 14. Kf1 g6 15. Re1 Qg7 16. c3 e5 17. Nb6 Be6 18. Nxa8 Rxa8 19. f3 f5 20. Bc2 d4 21. cxd4 Nxd4 22. Bd3 Rc8 23. Kf2 Rxc5 24. Rc1 Qc7 25. Qg5 f4 26. Bxg6 hxg6 27. Qxg6+ Kf8 28. Qh6+ Ke7 29. Qg7+ Bf7 30. Qg5+ Ke8 31. Rxc5 Qxc5 32. Ke1 Qc1+ 33. Kf2 Qd2+ 34. Kf1 Qe2+ 35. Kg1 Qe1# 0-1


[Site "https://www.chess.com"]

[Event "Titled Tuesday Blitz May 9 Early 2023"]
[White "Sethuraman, S.P."]
[Black "Rom, Jasper"]
[WhiteFideId "5021596"]
[BlackFideId "2023733"]
[WhiteElo "2543"]
[BlackElo "2233"]
[Result "1-0"]
[Round "08"]
[TimeControl "180+2"]
[Date "2023.05.09"]
[WhiteClock "0:02:10"]
[BlackClock "0:00:00"]

1. c4 e6 2. g3 d5 3. Bg2 Nf6 4. Nf3 Be7 5. O-O O-O 6. b3 b6 7. Bb2 Bb7 8. d4 Na6 9. cxd5 Bxd5 10. Nc3 Bb7 11. Rc1 c5 12. e3 cxd4 13. Nxd4 Bxg2 14. Kxg2 Qd7 15. Qf3 Rac8 16. Rfd1 Nc5 17. b4 Na6 18. a3 Qe8 19. Ncb5 Rxc1 20. Rxc1 Qa8 21. Nc6 Re8 22. Nxe7+ 1-0


[Site "https://www.chess.com"]

[Event "Titled Tuesday Blitz May 9 Early 2023"]
[White "Visakh N R"]
[Black "Agibileg, Uurtsaikh"]
[WhiteFideId "25012223"]
[BlackFideId "4901606"]
[WhiteElo "2466"]
[BlackElo "2353"]
[Result "1-0"]
[Round "08"]
[TimeControl "180+2"]
[Date "2023.05.09"]
[WhiteClock "0:02:11"]
[BlackClock "0:01:15"]

1. e4 c5 2. Nf3 e6 3. d4 cxd4 4. Nxd4 Nc6 5. Nc3 Qc7 6. Be3 a6 7. Nxc6 bxc6 8. Bd3 d5 9. O-O Bd6 10. f4 Ne7 11. e5 Bb4 12. Na4 O-O 13. c3 Ba5 14. b4 d4 15. Bxd4 c5 16. Bxc5 Bd7 17. Bxe7 Bxa4 18. Qxa4 Bb6+ 19. Bc5 Bxc5+ 20. bxc5 Qxc5+ 21. Qd4 Qc8 22. Rfd1 Rd8 23. Qe3 Qc7 24. Be4 Rac8 25. h4 h5 26. Kh2 g6 27. Rxd8+ Qxd8 28. Qg3 Qd2 29. Rb1 Qxc3 30. Qxc3 Rxc3 31. Rb4 Ra3 32. Rb2 Ra4 33. Re2 Kf8 34. g3 Ke7 35. Bc6 Ra3 36. Rd2 Kf8 37. Kg2 Rc3 38. Rd8+ Kg7 39. Be4 Re3 40. Bf3 a5 41. a4 Ra3 42. Bc6 Ra2+ 43. Kh3 Ra3 44. Bb5 1-0


[Site "https://www.chess.com"]

[Event "Titled Tuesday Blitz May 9 Early 2023"]
[White "Al-Tarboush, Ward"]
[Black "Wagner, Dennis"]
[WhiteFideId "7601450"]
[BlackFideId "24650684"]
[WhiteElo "2265"]
[BlackElo "2478"]
[Result "0-1"]
[Round "08"]
[TimeControl "180+2"]
[Date "2023.05.09"]
[WhiteClock "0:02:23"]
[BlackClock "0:00:59"]

1. d4 d5 2. Nc3 Nf6 3. Bg5 Nbd7 4. Nf3 h6 5. Bh4 e6 6. e3 Be7 7. Bd3 c5 8. O-O O-O 9. Re1 b6 10. dxc5 Nxc5 11. Ne5 Bb7 12. Qf3 d4 13. Nc6 Bxc6 14. Qxc6 dxc3 15. bxc3 Nxd3 16. cxd3 Qxd3 17. Red1 Qg6 18. Qb7 Bc5 19. h3 Ne4 20. Rd7 Nxc3 21. Re1 Qe4 22. Bg3 Qxb7 23. Rxb7 Ne4 24. Be5 f6 25. Bh2 Rf7 26. Rxf7 Kxf7 27. Rd1 Ke7 28. g4 Rd8 29. Rc1 Rd2 30. Rc4 Nxf2 31. Kg2 0-1


[Site "https://www.chess.com"]

[Event "Titled Tuesday Blitz May 9 Early 2023"]
[White "Klukin, Kirill"]
[Black "Erzhanov, Arman"]
[WhiteFideId "24199273"]
[BlackFideId "4138821"]
[WhiteElo "2344"]
[BlackElo "2138"]
[Result "1-0"]
[Round "08"]
[TimeControl "180+2"]
[Date "2023.05.09"]
[WhiteClock "0:01:28"]
[BlackClock "0:01:13"]

1. e4 d6 2. Nf3 Nf6 3. Nc3 e5 4. d4 Nbd7 5. Bc4 Be7 6. O-O O-O 7. h3 c6 8. Be3 b5 9. dxe5 dxe5 10. Bd3 a6 11. Ne2 Qc7 12. c3 Nc5 13. Bc2 Rd8 14. Qc1 Nfxe4 15. b4 Nd3 16. Bxd3 Rxd3 17. Qc2 Rxe3 18. fxe3 Bf5 19. Nh4 Bxh4 20. Rxf5 Nd6 21. Rh5 g6 22. Rxh4 Nf5 23. Re4 Re8 24. Rf1 Qb6 25. Qc1 Nd6 26. Rh4 f5 27. Kh2 Qd8 28. Qe1 Ne4 29. Rxe4 fxe4 30. Ng3 Qd3 31. Qf2 Qd5 32. Nxe4 Rd8 33. Nf6+ Kh8 34. Nxd5 cxd5 35. Qf6+ 1-0


[Site "https://www.chess.com"]

[Event "Titled Tuesday Blitz May 9 Early 2023"]
[White "Goffredo_Fofi"]
[Black "Rosen, Eric"]
[BlackFideId "2032562"]
[WhiteElo "2543"]
[BlackElo "2331"]
[Result "1-0"]
[Round "08"]
[TimeControl "180+2"]
[Date "2023.05.09"]
[WhiteClock "0:00:11"]
[BlackClock "0:00:00"]

1. d4 d5 2. Nf3 Nf6 3. Bf4 c5 4. e3 Nc6 5. Nbd2 e6 6. c3 cxd4 7. exd4 Nh5 8. Be3 Bd6 9. Ne5 g6 10. Be2 Ng7 11. Nd3 Nf5 12. Bf4 O-O 13. Bxd6 Qxd6 14. h4 e5 15. dxe5 Nxe5 16. Nxe5 Qxe5 17. Nf3 Qe4 18. Kf1 Bd7 19. h5 a6 20. Kg1 Bb5 21. Bxb5 axb5 22. a3 Rfe8 23. Qd2 Qg4 24. hxg6 hxg6 25. Nd4 Nxd4 26. cxd4 Qf5 27. Qh6 Qf6 28. Qh7+ Kf8 29. Rd1 Qg7 30. Qh4 Rac8 31. Qg3 Rcd8 32. Qd3 Qf6 33. Qxb5 Re7 34. Qd3 Kg7 35. Rh3 Rh8 36. Rxh8 Kxh8 37. Qh3+ Kg7 38. Qg3 Re4 39. Qd3 Qe6 40. b4 Re2 41. g3 Ra2 42. Qf3 Qf6 43. Qe3 Qe6 44. Re1 Qxe3 45. Rxe3 Rd2 46. Re7 b5 47. Rb7 Rxd4 48. Rxb5 Rd1+ 49. Kg2 Kf6 50. a4 Ke5 51. a5 Ra1 52. Kf3 Kd4 53. Rb7 f5 54. Rb6 Kc4 55. a6 d4 56. b5 d3 57. Rd6 Kxb5 58. Rxd3 Rxa6 59. Kf4 Kc4 60. Re3 Kd4 61. Kg5 Ra2 62. Rf3 Ra6 63. Re3 Ra2 64. Rf3 Ra6 65. Rf4+ Ke5 66. Rf3 Ke4 67. Re3+ Kd4 68. Re7 Ra2 69. f4 Ra3 70. Kxg6 Rxg3+ 71. Kxf5 Kd5 72. Rd7+ Kc6 73. Rd1 Rg8 74. Ke5 Re8+ 75. Kf6 Rf8+ 76. Kg5 Rg8+ 77. Kh5 Rh8+ 78. Kg6 Rg8+ 79. Kf7 Rg2 80. f5 Rf2 81. f6 Rg2 82. Kf8 1-0


[Site "https://www.chess.com"]

[Event "Titled Tuesday Blitz May 9 Early 2023"]
[White "Zhu, Jiner"]
[Black "Manukyan, Sargis V."]
[WhiteFideId "8608059"]
[BlackFideId "13303465"]
[WhiteElo "2384"]
[BlackElo "2236"]
[Result "0-1"]
[Round "08"]
[TimeControl "180+2"]
[Date "2023.05.09"]
[WhiteClock "0:00:02"]
[BlackClock "0:00:48"]

1. c4 c5 2. Nc3 g6 3. Nf3 Bg7 4. d4 cxd4 5. Nxd4 Nc6 6. e3 Nf6 7. g3 Nxd4 8. Qxd4 O-O 9. Bg2 d6 10. O-O Be6 11. Qd3 Rc8 12. b3 d5 13. cxd5 Rxc3 14. Qxc3 Nxd5 15. Qd3 Bxa1 16. Rd1 Bg4 17. f3 Be6 18. f4 Bg4 19. Rd2 Qc7 20. Ba3 Qa5 21. Bxd5 Qxa3 22. Bxb7 Bf6 23. Kg2 e6 24. h3 Qb4 25. Bc6 Rd8 26. Bd7 Bf5 27. Qe2 Qb7+ 28. Kh2 Rxd7 0-1


[Site "https://www.chess.com"]

[Event "Titled Tuesday Blitz May 9 Early 2023"]
[White "djokovic74"]
[Black "wqws"]
[WhiteElo "2675"]
[BlackElo "2545"]
[Result "0-1"]
[Round "08"]
[TimeControl "180+2"]
[Date "2023.05.09"]
[WhiteClock "0:00:08"]
[BlackClock "0:00:47"]

1. e4 c5 2. Nf3 d6 3. d4 cxd4 4. Nxd4 Nf6 5. Nc3 a6 6. Be2 e5 7. Nf3 h6 8. Nd2 Be7 9. Nc4 b5 10. Ne3 O-O 11. a4 b4 12. Ncd5 Bb7 13. Nxf6+ Bxf6 14. Nd5 Nc6 15. Be3 Nd4 16. Bxd4 exd4 17. Bc4 Re8 18. O-O Rc8 19. Qd3 Bxd5 20. Bxd5 Qc7 21. Rac1 Qa5 22. Qb3 Rc7 23. Rcd1 Rec8 24. Rd2 Kh8 25. Kh1 Rc5 26. Bxf7 Qc7 27. Be6 Rxc2 28. Qxb4 Rxd2 29. Qxd2 Qc2 30. Qa5 Qe2 31. Kg1 Rd8 32. Bf5 Qxb2 33. Qxa6 Qc3 34. Rd1 Qc2 35. Qd3 Qxa4 36. Qg3 Qxd1# 0-1


[Site "https://www.chess.com"]

[Event "Titled Tuesday Blitz May 9 Early 2023"]
[White "egorchess95"]
[Black "Matinian, Nikita"]
[BlackFideId "24129100"]
[WhiteElo "2542"]
[BlackElo "2422"]
[Result "0-1"]
[Round "08"]
[TimeControl "180+2"]
[Date "2023.05.09"]
[WhiteClock "0:00:11"]
[BlackClock "0:00:08"]

1. e4 c5 2. Nf3 e6 3. d4 cxd4 4. Nxd4 Nc6 5. Nc3 Nf6 6. Ndb5 d6 7. Bf4 e5 8. Bg5 a6 9. Na3 b5 10. Nd5 Be7 11. Bxf6 Bxf6 12. c3 Ne7 13. Nxf6+ gxf6 14. Nc2 Bb7 15. Bd3 d5 16. Qe2 f5 17. exf5 e4 18. f6 exd3 19. fxe7 Qxe7 20. Qxe7+ Kxe7 21. Nd4 Rhg8 22. O-O a5 23. Rad1 b4 24. Rxd3 bxc3 25. Rxc3 Rac8 26. Re1+ Kd7 27. Rb3 Ba8 28. Rf3 Rgf8 29. Rf6 a4 30. Nf5 Rc2 31. Rb6 Re8 32. Rd6+ Kc7 33. Rf1 Rxb2 34. Rc1+ Kb8 35. Rd7 Ree2 36. Nd6 Bc6 37. Rxf7 Rxa2 38. h3 Rec2 39. Re1 Re2 40. Rc1 Rac2 41. Rb1+ Rb2 42. Rc1 Rec2 43. Re1 Re2 44. Rc1 Rb6 45. Nf5 Re4 46. Rf8+ Ka7 47. Rf7+ Bb7 48. Ra1 Ka6 49. Rxh7 Reb4 50. Kh2 Ka5 51. Ne3 Rb1 52. Ra2 R6b2 53. Ra3 Rb3 54. Ra2 a3 55. Rh4 R1b2 56. Ra1 a2 57. Rd4 Rxf2 58. Nd1 Rc2 59. Ne3 Re2 60. Nxd5 Rb1 61. Nc3 Rxa1 62. Nxe2 Rh1+ 63. Kxh1 a1=Q+ 64. Kh2 Qb2 65. Rd7 Bc6 66. Rd6 Qb8 67. Ng3 Qxd6 68. h4 Qf4 69. Kh3 Bd7+ 70. Kh2 Qxh4+ 71. Kg1 Qxg3 72. Kf1 Qh2 73. Ke1 Bc6 74. Kd1 Bxg2 75. Kc1 Be4 76. Kd1 Qc2+ 77. Ke1 Bf3 78. Kf1 Qe2+ 79. Kg1 Qg2# 0-1


[Site "https://www.chess.com"]

[Event "Titled Tuesday Blitz May 9 Early 2023"]
[White "Volkov, Maksim"]
[Black "Yelisieiev, Yevhenii"]
[WhiteFideId "54123070"]
[BlackFideId "14139642"]
[WhiteElo "2297"]
[BlackElo "2403"]
[Result "1-0"]
[Round "08"]
[TimeControl "180+2"]
[Date "2023.05.09"]
[WhiteClock "0:00:48"]
[BlackClock "0:00:00"]

1. Nf3 d6 2. d4 Nf6 3. c4 Nbd7 4. Nc3 e5 5. g3 Be7 6. Bg2 O-O 7. O-O c6 8. e4 Qe8 9. Re1 Bd8 10. h3 Qe7 11. Qc2 Ba5 12. a3 exd4 13. Nxd4 Ne5 14. b4 Bb6 15. Nce2 c5 16. Nf5 Bxf5 17. exf5 cxb4 18. axb4 Rac8 19. Nf4 Nf3+ 20. Bxf3 Qxe1+ 21. Kg2 Rxc4 22. Be3 Qxb4 23. Qd3 Rc3 24. Bd2 Rxd3 25. Bxb4 Rc8 26. Nxd3 d5 27. Nf4 Rc2 28. Be1 Ne4 29. Nxd5 Nxf2 30. Nxb6 Nd3+ 31. Kf1 g5 32. Be4 1-0


[Site "https://www.chess.com"]

[Event "Titled Tuesday Blitz May 9 Early 2023"]
[White "Zaragatski, Ilja"]
[Black "Martinez Ramirez, Lennis"]
[WhiteFideId "4655192"]
[BlackFideId "3509079"]
[WhiteElo "2460"]
[BlackElo "2410"]
[Result "0-1"]
[Round "08"]
[TimeControl "180+2"]
[Date "2023.05.09"]
[WhiteClock "0:00:17"]
[BlackClock "0:01:16"]

1. g3 d5 2. Nf3 c6 3. Bg2 Bg4 4. c4 Bxf3 5. Bxf3 e6 6. b3 Nf6 7. Bb2 Nbd7 8. O-O Bd6 9. d3 h5 10. Nd2 h4 11. Qc2 hxg3 12. hxg3 Qc7 13. Kg2 O-O-O 14. cxd5 exd5 15. Rh1 Ne5 16. a3 Kb8 17. b4 Qd7 18. e3 Qf5 19. Bxe5 Bxe5 20. Rac1 Ng4 21. d4 Qxc2 22. Rxc2 Rxh1 23. Kxh1 Nxf2+ 24. Kg2 Nd3 25. Rc3 Ne1+ 26. Kf2 Nxf3 27. Nxf3 Bd6 28. Rb3 b5 29. Nd2 Rh8 30. Kg2 f5 31. Rc3 Kc7 32. Nb3 Rh6 33. Na5 Be7 34. a4 Bxb4 0-1


[Site "https://www.chess.com"]